AoeStats
← TheyCallMeNicoleto

Arabia

509987025Analyzed
1v1 RM · 2d ago on Sep 28, 2026· 18m 40s· 2 players
Game mode
Random Map
Map size
Tiny (2 player)
Population
200
Speed
Normal
Resources
Standard
Victory
Conquest
Starting age
Dark Age
Ending age
Imperial Age
RankedLock teamsTeams togetherTeam positionsShared explorationLock speedFull tech treeHidden civsTurbo modeCheats
Victory
Defeat
🇮🇪 Saxons · Ireland
959
+17
🇦🇷 Hindustanis · Argentina
983
-17
MrUnluckie
9:25 Feudal Age
11:47 Double-Bit Axe
12:01 Man-at-Arms
15:14 Bloodlines
15:37 Forging
16:01 Loom
16:00 Horse Collar
20:12 Castle Age
19:07 Fletching
TheyCallMeNicoleto
7:42 Loom
9:59 Feudal Age
10:39 Double-Bit Axe
17:27 Fletching
Connection lost

Rejoining the realm…

Still unreachable

The connection could not be restored.

Session expired

The server has moved on; the page needs a fresh start.